 Dungeon Crawl Stone Soup version 0.20.1-1-g8b1a95d (webtiles) character file.

105 esteth the Skirmisher (level 4, -2/34 HPs)
             Began as a Demonspawn Gladiator on Oct 15, 2017.
             Was a Believer of Uskayaw.
             Slain by Grinder (3 damage)
             ... on level 3 of the Dungeon.
             The game lasted 00:08:07 (1977 turns).

esteth the Skirmisher (Demonspawn Gladiator)        Turns: 1977, Time: 00:08:08

Health: -2/34      AC:  3    Str: 16    XL:     4   Next: 54%
Magic:  13/13      EV: 14    Int:  9    God:    Uskayaw [**....]
Gold:   85         SH:  0    Dex: 14    Spells: 3/3 levels left

rFire    . . .     SeeInvis .   y - +0 battleaxe
rCold    . . .     Gourm    .   (shield currently unavailable)
rNeg     + . .     Faith    .   b - +0 leather armour
rPois    .         Spirit   .   (helmet restricted)
rElec    .         Reflect  .   (no cloak)
rCorr    .         Harm     .   (no gloves)
MR       .....                  (no boots)
Stlth    +.........             p - amulet of rage
Regen    0.2/turn               h - ring of positive energy
MPRegen  0.2/turn               o - ring of magical power (curse)

@: very slightly contaminated
A: antennae 1, repulsion field 1, frail 1, evolution 1
a: Stomp, Line Pass, Renounce Religion, Evoke Berserk Rage


You were on level 3 of the Dungeon.
You worshipped Uskayaw.
Uskayaw was noncommittal.
You were not hungry.

You visited 1 branch of the dungeon, and saw 3 of its levels.

You collected 85 gold pieces.

Inventory:

Hand Weapons
 a - a +0 war axe
 y - a +0 battleaxe (weapon)
Missiles
 d - 3 throwing nets (quivered)
Armour
 b - a +0 leather armour (worn)
 c - a +0 helmet
Jewellery
 h - a ring of positive energy (left hand)
 o - a cursed ring of magical power (right hand)
 p - an amulet of rage (around neck)
 t - a +3 ring of intelligence {unknown}
Scrolls
 j - a scroll of fog {unknown}
 m - a scroll of immolation {unknown}
 n - a scroll of magic mapping
 r - 2 scrolls of amnesia {unknown}
 s - 3 scrolls of identify {unknown}
 u - a scroll of fear {unknown}
 v - a scroll of enchant weapon {unknown}
 x - a scroll of remove curse {unknown}
Potions
 l - a potion of might {unknown}
 w - a potion of lignification {unknown}
Comestibles
 f - 2 bread rations
 k - a meat ration


   Skills:
 + Level 4.8 Fighting
 - Level 2.6 Axes
 - Level 1.7 Throwing
 - Level 2.6 Dodging


You had 3 spell levels left.
You didn't know any spells.

Dungeon Overview and Level Annotations

Branches:
Dungeon (3/15)

Altars:
Okawaru
Uskayaw

Annotations:
D:3 Grinder


Innate Abilities, Weirdness & Mutations

You have a pair of small antennae on your head.
You are surrounded by a mild repulsion field. (EV +2)
You are frail. (-10% HP)
You evolve.


Message History

Grinder is almost dead.
Grinder misses you.
You closely miss Grinder.
Grinder is almost dead.
Grinder hits you!
* * * LOW HITPOINT WARNING * * *
Grinder closely misses you.
You hit Grinder but do no damage.
Grinder is almost dead.
Grinder blinks!
As you read the scroll labeled MIUR GAICENEKIOT, it crumbles to dust.
You feel aware of your surroundings.
You sensed 1 altar.
It was a scroll of magic mapping.
It was a potion of mutation.
You feel extremely strange.
You feel nature experimenting on you.
Don't worry, failures die fast.
You feel frail. Grinder hits you.
* * * LOW HITPOINT WARNING * * *
You writhe in agony.
You die...

#.# #.##.# ##.♣# #♣.# #.#
#.##(# ##..♣♣♣..# *### #.##(#
#......... ,#.#####*
#))..#######...#####.
*,⌠.#...## #.)..........### #.
,*,#.#.#.## #.##.#######.# #.
⌠,*,⌠.#.⌠§###.##.........# #.
,*,#.#.#..'.#.##5#######.# #.
*,⌠,#.⌠§#.'...##@# #.# #.
,*,#.#.#).'.#.##.###
#.#######.
⌠,*,⌠.#.⌠.###......#
#....<)... ,*,#.#.#.##
#..###.#####.###.#)##
*,⌠.#...## #..# #.).....#
#.#.# ,#.#####* ##.###.#.#####
#.#)# *##** #.....#.# ###.#.#
*,*********###.#.#.# #...#.#
*,,,,,,,,,,,*#.#.#.#####.###.#


You could see Grinder.

Vanquished Creatures
  A gnoll (D:3)
  2 adders (D:2)
  3 oozes
  A worm (D:3)
  A dart slug (D:3)
  A leopard gecko (D:3)
  2 orcs (D:3)
  4 bats
  3 bat skeletons (D:3)
  A bat zombie (D:3)
  3 giant cockroaches
  4 goblins
  5 hobgoblins (D:3)
  A jackal (D:2)
  9 kobolds
  8 frilled lizards
  7 rats
56 creatures vanquished.

Notes
Turn   | Place    | Note
-------+----------+-------------------------------------------
     0 | D:1      | esteth the Demonspawn Gladiator began the quest for the Orb.
     0 | D:1      | Reached XP level 1. HP: 16/16 MP: 1/1
   203 | D:1      | Gained mutation: You are surrounded by a mild repulsion field. (EV +2) [demonic ancestry]
   203 | D:1      | Reached XP level 2. HP: 23/23 MP: 2/2
   301 | D:1      | Reached skill level 3 in Fighting
   866 | D:2      | Gained mutation: You have a pair of small antennae on your head. [demonic ancestry]
   866 | D:2      | Reached XP level 3. HP: 29/29 MP: 3/3
  1026 | D:2      | Reached skill level 4 in Fighting
  1278 | D:3      | Reached XP level 4. HP: 26/38 MP: 4/4
  1388 | D:3      | Found an iron altar of Okawaru.
  1429 | D:3      | Found a faded altar of an unknown god.
  1443 | D:3      | Became a worshipper of Uskayaw the Reveler
  1443 | D:3      | Reached * piety under Uskayaw
  1714 | D:3      | Reached ** piety under Uskayaw
  1927 | D:3      | Noticed Grinder
  1935 | D:3      | Paralysed by Grinder for 5 turns
  1942 | D:3      | Paralysed by Grinder for 6 turns
  1954 | D:3      | Paralysed by Grinder for 7 turns
  1976 | D:3      | Gained mutation: You evolve. [potion of mutation]
  1976 | D:3      | Gained mutation: You are frail. (-10% HP) [potion of mutation]
  1977 | D:3      | HP: 1/34 [Grinder (4)]
  1977 | D:3      | Slain by Grinder

Skill      XL: |  1  2  3 |
---------------+----------+-----
Fighting       | 3 4 |  4.8
Axes           | |  2.6
Throwing       | |  1.7
Dodging        | |  2.6

Action                   |  1- 3 |  4- 6 || total
-------------------------+-------+-------++-------
Melee: War axe           |   107 |    57 ||   164
       Battleaxe         |       |    19 ||    19
  Use: Potion            |     2 |     3 ||     5
       Scroll            |       |     2 ||     2
 Stab: Sleeping          |       |     1 ||     1
  Eat: Chunk             |     1 |     3 ||     4
Armor: Leather armour    |    26 |    28 ||    54
Dodge: Dodged            |   101 |    72 ||   173
